 Dungeon Crawl Stone Soup version 0.31.0-9-g3a7656b989 (webtiles) character file.

Game seed: 17681641414855865192

30 qw the Shooter (level 3, -3/20 HPs)
             Began as a Deep Elf Hunter on Feb 2, 2024.
             Slain by an adder (4 damage)
             ... on level 2 of the Dungeon.
             The game lasted 00:00:03 (1030 turns).

qw the Shooter (Deep Elf Hunter)                    Turns: 1030, Time: 00:00:03

Health: -3/20      AC:  4    Str:  9 (10) XL:     3   Next: 3%
Magic:  5/5        EV: 12    Int: 10 (13) God:
Gold:   28         SH:  0    Dex: 16 (18) Spells: 2/2 levels left

rFire   . . .        a - +0 shortbow
rCold   . . .        (shield currently unavailable)
rNeg    . . .        c - +0 leather armour
rPois   .            (no helmet)
rElec   .            (no cloak)
rCorr   .            (no gloves)
SInv    +            d - +0 pair of boots
Will    .....        (no amulet)
Stlth   ++           g - ring of see invisible
HPRegen 0.23/turn    (no ring)
MPRegen 0.09/turn

%: no passive effects
@: no status effects
A: no striking features
a: no special abilities


You were on level 2 of the Dungeon.
You visited 1 branch of the dungeon, and saw 2 of its levels.

You collected 28 gold pieces.


   Skills:
 - Level 1.5 Fighting
 + Level 6.6 Ranged Weapons
 - Level 2.4 Dodging
 - Level 1.2 Stealth


You had 2 spell levels left.
You didn't know any spells.
Your spell library was empty.

Inventory:

Hand Weapons
 a - a +0 shortbow (weapon)
Armour
 c - a +0 leather armour (worn)
 d - a +0 pair of boots (worn)
Jewellery
 g - a ring of see invisible (left hand)
Potions
 f - a potion of mutation

Dungeon Overview and Level Annotations

Branches:
Dungeon (2/15)

Altars:

Annotations:
D:2 Sigmund


Message History

You shoot an arrow. The arrow closely misses Sigmund.
Sigmund closely misses you.
You shoot an arrow. The arrow hits the adder.
The adder is lightly wounded.
The adder misses you.
You shoot an arrow. The arrow misses the adder.
Sigmund closely misses you. The adder bites you but does no damage.
The adder bites you.
You are poisoned.
The adder poisons you!
You shoot an arrow. The arrow misses the adder.
You feel sick. Sigmund gestures at you while chanting.
You are confused.
The adder barely misses you.
1023 ||| DRINKING fuming orange potion.
It was a potion of degeneration.
There was something very wrong with that liquid.
You feel weakened.
You feel dopey.
You feel clumsy.
You feel sick. The adder closely misses you. Sigmund barely misses you.
You feel sick. The adder barely misses you. Sigmund misses you.
The adder bites you but does no damage.
You feel sick. The adder bites you but does no damage.
You feel sick.
Sigmund hits you from afar with a +0 scythe.
The adder bites you but does no damage.
You feel less confused.
You feel sick.
You are no longer poisoned.
The adder bites you. Sigmund misses you. The adder bites you.
You shoot an arrow. The arrow hits the adder.
The adder is moderately wounded.
The adder misses you.
You shoot an arrow. The arrow completely misses the adder.
Sigmund screams, "Die, monster!"
Sigmund hits you from afar with a +0 scythe.
The adder closely misses you.
You shoot an arrow. The arrow hits the adder!
The adder is almost dead.
The adder bites you.
You die...

#########
#.......# #
#.......# .
#.......######.#
#............#.#
#......[##......
#...<...#...@#
#.........S..#
##...#....@..#
....#######.###
###. #.# #. #.#
. #+# #


You could see Sigmund and an adder.

Vanquished Creatures
  A dart slug (D:1)
  4 bats (D:1)
  An endoplasm (D:1)
  2 giant cockroaches (D:1)
  3 goblins (D:1)
  3 hobgoblins (D:1)
  4 jackals (D:1)
  A quokka (D:1)
  A ball python (D:1)
  A frilled lizard (D:1)
  A kobold (D:1)
  2 rats (D:1)
24 creatures vanquished.

Notes
Turn   | Place    | Note
-------+----------+-------------------------------------------
     0 | D:1      | qw the Deep Elf Hunter began the quest for the Orb.
     0 | D:1      | Reached XP level 1. HP: 12/12 MP: 3/3
     0 | D:1      | 0 ||| qw: Version: 0.3-a-155-g5e7d8dd
     0 | D:1      | 0 ||| qw: Game counter: 749
     0 | D:1      | 0 ||| qw: Melee chars always use a shield: true
     0 | D:1      | 0 ||| qw: God list: Okawaru
     0 | D:1      | 0 ||| qw: Allow faded altars: false
     0 | D:1      | 0 ||| qw: Do Orc after clearing Dungeon:15 true
     0 | D:1      | 0 ||| qw: Do second Lair branch before Depths: true
     0 | D:1      | 0 ||| qw: Lair rune preference: random
     0 | D:1      | 0 ||| qw: Goals: Normal
     0 | D:1      | 0 ||| PLANNING D:1-11
   262 | D:1      | Reached XP level 2. HP: 16/16 MP: 4/4
   263 | D:1      | Reached skill level 6 in Ranged Weapons
   938 | D:1      | Reached XP level 3. HP: 20/20 MP: 5/5
   942 | D:1      | 942 ||| UPGRADING to +0 pair of boots.
   947 | D:1      | 947 ||| UPGRADING to ring of see invisible.
   948 | D:1      | 948 ||| READING 2 scrolls labelled ADYUGA GEYJ.
   948 | D:1      | 948 ||| IDENTIFYING murky ruby potion
   949 | D:1      | 949 ||| READING scroll of identify.
   949 | D:1      | 949 ||| IDENTIFYING scroll labelled XOTHRO ZOFADDIO
   950 | D:1      | 950 ||| DROPPING scroll of butterflies.
   951 | D:1      | 951 ||| DROPPING scroll of immolation.
  1013 | D:2      | Noticed Sigmund
  1023 | D:2      | 1023 ||| DRINKING fuming orange potion.
  1027 | D:2      | HP: 3/20 [adder (3)]
  1029 | D:2      | HP: 1/20 [Sigmund/+0 scythe (2)]
  1030 | D:2      | Slain by an adder

Levels and vault maps discovered:
D:1:      dpeg_arrival_renting, layout_basic
D:2:      layout_loops_corners, serial_shops, shop, minmay_misc_feat_doors,
          uniq_sigmund

Skill      XL: |  1  2 |
---------------+-------+-----
Ranged Weapons | 6 |  6.6
Fighting       | |  1.5
Dodging        | |  2.4
Stealth        | |  1.2

Action                     || total
---------------------------++-------
   Fire: Shortbow          ||    78
    Use: Scroll            ||     2
         Potion            ||     1
 Armour: Leather armour    ||    34
  Dodge: Dodged            ||    34

Table legend:
 A = Non-vault XP
 B = Vault XP
 C = Vault XP percentage of total XP
 D = Non-vault monster count
 E = Vault monster count
 F = Vault count percentage of total count
                 A         B        C        D         E       F
            +---------+---------+-------+---------+---------+-------
      Total |      43 |       0 |   0.0 |      24 |       0 |   0.0
            +---------+---------+-------+---------+---------+-------
        D:1 |      43 |       0 |   0.0 |      24 |       0 |   0.0
            +---------+---------+-------+---------+---------+-------
